 Dungeon Crawl Stone Soup version 0.29.1-debian-4-g95531337e3 (webtiles) character file.

Game seed: 967357020254790745

7298 Engwar the Geomancer (level 10, 0/81 HPs)
             Began as a Meteoran Earth Elementalist on Sept 13, 2022.
             Was a High Priest of Ru.
             Succumbed to a cane toad's poison
             ... on level 1 of the Lair of Beasts.
             The game lasted 00:45:31 (5579 turns).

Engwar the Geomancer (Meteoran Earth Elementalist)  Turns: 5579, Time: 00:45:32

Health: 0/81       AC: 13    Str:  9    XL:     10   Next: 60%
Magic:  20/20      EV: 14    Int: 21    God:    Ru [*****.]
Gold:   423        SH:  0    Dex: 14    Spells: 11/21 levels left

rFire   . . .      SeeInvis .   f - +3 war axe (freeze)
rCold   + + +      Faith    .   (no shield)
rNeg    . . .      Spirit   .   t - +2 robe {Will+}
rPois   +          Reflect  .   (no helmet)
rElec   +          Harm     .   x - +0 cloak
rCorr   .          Rampage  .   (no gloves)
Will    ++...                   (no boots)
Stlth   ..........              w - amulet of magic regeneration
HPRegen 0.23/turn               c - ring "Qyriokka" {rElec rPois rC+++ AC+4 Dex-2}
MPRegen 0.57/turn               v - +4 ring of protection

@: lethally poisoned (0 -> -3), glowing
A: sense surroundings 2, no stealth, inability to use devices, unskilled 1,
inexperienced 1, otherworldly, glowing, explore regen
a: Renounce Religion, Draw Out Power, Power Leap, Apocalypse


You were on level 1 of the Lair of Beasts.
You worshipped Ru.
Ru was extremely pleased with you.
You visited 2 branches of the dungeon, and saw 12 of its levels.

You collected 423 gold pieces.

Inventory:

Hand Weapons
 e - a +0 vampiric short sword
 f - a +3 war axe of freezing (weapon)
 s - a +3 dagger of chaos
Armour
 t - a +2 robe of willpower (worn)
 x - a +0 cloak (worn)
Jewellery
 a - a ring of magical power
 c - the ring "Qyriokka" (left hand) {rElec rPois rC+++ AC+4 Dex-2}
   (You acquired it on level 3 of the Dungeon)

   [ring of protection]

   AC:        It affects your AC (+4).
   Dex:       It affects your dexterity (-2).
   rC:        It renders you almost immune to cold.
   rElec:     It insulates you from electricity.
   rPois:     It protects you from poison.
 v - a +4 ring of protection (right hand)
 w - an amulet of magic regeneration (around neck)
Scrolls
 n - 2 scrolls of poison
 q - 3 scrolls of teleportation
 r - 2 scrolls of fear
 y - a scroll of identify
Potions
 b - 2 potions of magic
 d - 3 potions of lignification
 g - 2 potions of haste
 h - 4 potions of heal wounds {unknown}
 i - a potion of ambrosia {unknown}
 j - 4 potions of attraction {unknown}
 k - 3 potions of curing
 l - a potion of brilliance {unknown}
 m - 2 potions of cancellation {unknown}
 o - a potion of invisibility {unknown}
 p - a potion of might {unknown}
 u - a potion of mutation {unknown}


   Skills:
 - Level 5.0 Fighting
 - Level 5.0 Axes
 - Level 5.0 Armour
 - Level 5.0 Dodging
 + Level 6.4 Spellcasting
 + Level 8.2 Conjurations
 - Level 6.4 Transmutations
 - Level 10.0 Earth Magic


You had 11 spell levels left.
You knew the following spells:

 Your Spells              Type           Power      Damage    Failure   Level
a - Sandblast             Erth           96%        2d20      1%          1
b - Passwall              Tmut/Erth      34%        N/A       1%          2
c - Stone Arrow           Conj/Erth      90%        3d12      1%          3
d - Petrify               Tmut/Erth      41%        N/A       3%          4

Your spell library contained the following spells:

 Spells                   Type           Power      Damage    Failure   Level
 Slow                     Hex            24%        N/A       10%         1
 Confusing Touch          Hex            6%         N/A       28%         3
 Vampiric Draining        Necr           6%         2d6       28%         3


Dungeon Overview and Level Annotations

Branches:
Dungeon (11/15) Zot: 936   Temple (0/1) D:7            Lair (1/5) D:9 Zot: 490
    Orc (0/2) D:10

Altars:
Ashenzari
Fedhas
Kikubaaqudgha
Nemelex Xobeh
Qazlal
Ru

Annotations:
D:5 Sigmund
Lair:1 Fannar


Innate Abilities, Weirdness & Mutations

You passively map the area around you.
You cannot be stealthy.
You cannot study or use magical devices.
You are somewhat unskilled. (-1 Apt)
You are somewhat inexperienced. (-1 XL)
You are easily found by Zot.
You glow in the dark.
You regain HP and MP as you explore.


Message History

The cane toad attacks as you move away!
The cane toad is stunned by your conviction and fails to attack.
Fannar brushes some snowflakes from their robe.
Fannar drinks a potion.
Fannar seems to speed up.
Fannar casts a spell.
Fannar blinks!
The cane toad stings you. The cane toad attacks as you move away!
The cane toad is stunned by your conviction and fails to attack.
The cane toad attacks as you move away! The cane toad stings you.
Fannar casts a spell.
The cane toad stings you but does no damage.
The cane toad attacks as you move away! The cane toad misses you.
Fannar attacks as you move away! Fannar hits you but does no damage.
The cane toad attacks as you move away!
The cane toad stings you but does no damage.
Fannar begins to cast a spell, but is stunned by your conviction! x2
You hit the cane toad but do no damage. The cane toad stings you!
You are poisoned.
The cane toad poisons you! The cane toad completely misses you.
You barely miss the cane toad.
You feel very sick.
You redirect Fannar's attack!
The cane toad barely misses you.
Fannar begins to cast a spell, but is stunned by your conviction!
You closely miss the cane toad.
You feel very sick. The cane toad stings you!
The cane toad is stunned by your conviction and fails to attack.
You closely miss the cane toad.
You feel sick. The cane toad stings you!
* * * LOW HITPOINT WARNING * * *
The cane toad stings you!
* * * LOW HITPOINT WARNING * * *
You focus your inner power and paralyse the cane toad in retribution!
* * * LOW HITPOINT WARNING * * *
You feel sick.
Fannar gestures wildly while chanting.
* * * LOW HITPOINT WARNING * * *
You feel sick.
Fannar brushes some snowflakes from their robe.
You die...

, * * #.......... *
#..........
###.......... ###
##............ ####.#
###...#......... .....##
####...P#.#........
......####
#.##..######.......
)......P.# ####.....#
#.... , .....†...##
#P..@....#* #...
.....†....# ##........#
#.. ,
..........###.........#
#.
..........#YF##........#
*
..........le##.....#####
?.........Y.########
............#
............# *
............#


You could see Fannar (fast), a komodo dragon, a cane toad (paralysed) and 2 ice
beasts.

Vanquished Creatures
  A two-headed ogre (D:9)
  An ugly thing (D:9)
  A cane toad (Lair:1)
  Psyche (D:8)
  A troll (D:9)
  3 shadows
  A vampire (D:9)
  2 wyverns
  5 yaks (D:10)
  A steam dragon (D:8)
  2 acid dragons
  3 water moccasins
  2 ice beasts (D:7)
  3 sky beasts
  2 black bears (D:7)
  4 orc warriors
  2 ogres
  A centaur (D:7)
  Blork the orc (D:4)
  2 kobold brigands (D:8)
  A necrophage (D:5)
  5 bullfrogs
  2 scorpions
  3 killer bees (D:10)
  4 howler monkeys
  4 hounds
  4 jellies
  3 orc priests
  3 iguanas
  5 orc wizards
  Natasha (thrice) (D:4)
  8 adders
  4 gnolls (D:6)
  2 shadow imps
  5 white imps
  4 ufetubi
  2 worms (D:4)
  3 dart slugs
  30 orcs
  7 bats
  6 endoplasms
  5 giant cockroaches
  8 goblins
  5 hobgoblins
  4 jackals (D:3)
  2 quokkas
  9 ball pythons
  5 frilled lizards
  17 kobolds
  3 rats
205 creatures vanquished.

Vanquished Creatures (others)
  A yak (Lair:1)
  A water moccasin (D:4)
  An orc (D:10)
  2 fungi (D:9)
  A plant (D:9)
  2 withered plants (D:1)
8 creatures vanquished.

Grand Total: 213 creatures vanquished

Notes
Turn   | Place    | Note
-------+----------+-------------------------------------------
     0 | D:1      | Engwar the Meteoran Earth Elementalist began the quest for
                  | the Orb.
     0 | D:1      | Reached XP level 1. HP: 14/14 MP: 5/5
   204 | D:1      | Reached XP level 2. HP: 20/20 MP: 3/6
   207 | D:1      | Learned a level 2 spell: Passwall
   336 | D:1      | Found a stormy altar of Qazlal.
   390 | D:1      | Found a faded altar of an unknown god.
   400 | D:1      | Prayed at the altar of an unknown god.
   400 | D:1      | Became a worshipper of Ru the Awakened
   417 | D:1      | Gained mutation: You cannot study or use magical devices.
                  | [Ru sacrifice]
   417 | D:1      | Reached * piety under Ru
   417 | D:1      | Reached ** piety under Ru
   490 | D:1      | Glimpsed the power of Zot.
   539 | D:2      | Reached skill level 4 in Earth Magic
   604 | D:2      | Reached XP level 3. HP: 26/26 MP: 6/8
   608 | D:2      | Learned a level 3 spell: Stone Arrow
  1079 | D:2      | Glimpsed the power of Zot.
  1129 | D:2      | Glimpsed the power of Zot.
  1160 | D:3      | Identified a scroll of acquirement
  1160 | D:3      | Acquired the ring "Qyriokka" {rElec rPois rC+++ AC+4 Dex-2}
  1194 | D:3      | Found a blossoming altar of Fedhas.
  1241 | D:3      | Found a broken altar of Ashenzari.
  1252 | D:3      | Reached XP level 4. HP: 33/33 MP: 8/10
  1257 | D:3      | Learned a level 4 spell: Petrify
  1560 | D:4      | Reached XP level 5. HP: 38/38 MP: 5/11
  1582 | D:4      | Noticed a water moccasin
  1632 | D:4      | Killed a water moccasin
  1633 | D:4      | Reached skill level 5 in Earth Magic
  1633 | D:4      | Reached XP level 6. HP: 45/45 MP: 9/13
  1700 | D:4      | Reached skill level 1 in Conjurations
  1720 | D:4      | Noticed Natasha
  1726 | D:4      | Killed Natasha
  1760 | D:4      | Noticed Natasha
  1762 | D:4      | Reached XP level 7. HP: 46/50 MP: 10/14
  1765 | D:4      | Killed Natasha
  1833 | D:4      | Reached skill level 5 in Transmutations
  1838 | D:4      | Gained mutation: You are somewhat inexperienced. (-1 XL)
                  | [Ru sacrifice]
  1838 | D:4      | Reached XP level 6. HP: 45/45 MP: 13/13
  1838 | D:4      | Reached *** piety under Ru
  1839 | D:4      | Found an ancient bone altar of Kikubaaqudgha.
  2030 | D:4      | Noticed Natasha
  2036 | D:4      | Killed Natasha
  2053 | D:5      | Entered Level 5 of the Dungeon
  2053 | D:5      | Noticed Blork the orc
  2061 | D:4      | Killed Blork the orc
  2086 | D:4      | Reached skill level 6 in Earth Magic
  2103 | D:5      | Reached XP level 7. HP: 41/50 MP: 12/14
  2276 | D:5      | Reached skill level 5 in Conjurations
  2278 | D:5      | Found a sparkling altar of Nemelex Xobeh.
  2295 | D:5      | Noticed Sigmund
  2341 | D:6      | Reached skill level 7 in Earth Magic
  3215 | D:7      | Reached skill level 8 in Earth Magic
  3215 | D:7      | Reached XP level 8. HP: 57/57 MP: 13/15
  3384 | D:7      | Reached skill level 1 in Fighting
  3418 | D:7      | Found a staircase to the Ecumenical Temple.
  3461 | D:7      | Reached skill level 5 in Fighting
  3517 | D:7      | Gained mutation: You are somewhat unskilled. (-1 Apt) [Ru
                  | sacrifice]
  3517 | D:7      | Reduced skill Earth Magic to level 7
  3517 | D:7      | Reached **** piety under Ru
  3517 | D:7      | Reached ***** piety under Ru
  3709 | D:7      | Reached skill level 5 in Dodging
  3747 | D:7      | Reached skill level 5 in Fighting
  3747 | D:7      | Gained mutation: You passively map the area around you.
                  | [Meteoran growth]
  3747 | D:7      | Reached XP level 9. HP: 45/74 MP: 16/16
  3755 | D:7      | Reached skill level 5 in Conjurations
  3780 | D:7      | Reached skill level 1 in Axes
  3946 | D:7      | Glimpsed the power of Zot.
  4002 | D:8      | Reached skill level 8 in Earth Magic
  4092 | D:8      | Noticed Psyche
  4097 | D:8      | Killed Psyche
  4525 | D:9      | Reached skill level 1 in Armour
  4537 | D:9      | Found a staircase to the Lair.
  4563 | D:9      | HP: 1/74 [vampire (6)]
  4569 | D:9      | Noticed a two-headed ogre
  4642 | D:9      | Killed a two-headed ogre
  4643 | D:9      | Reached skill level 5 in Axes
  4727 | D:9      | Reached XP level 10. HP: 61/81 MP: 6/17
  4934 | D:9      | Reached skill level 5 in Armour
  4988 | D:9      | Identified the +3 flail "Ifuimasa" {vorpal, rF+ Will++
                  | SInv}
  4994 | D:9      | Noticed a red ugly thing
  5013 | D:9      | Killed a white ugly thing
  5014 | D:9      | Reached skill level 9 in Earth Magic
  5070 | D:10     | Entered Level 10 of the Dungeon
  5106 | D:10     | Reached skill level 5 in Spellcasting
  5354 | D:10     | HP: 4/81 [killer bee (7)]
  5477 | Lair:1   | Entered Level 1 of the Lair of Beasts
  5502 | Lair:1   | Gained mutation: You cannot be stealthy. [Ru sacrifice]
  5522 | Lair:1   | Reached skill level 10 in Earth Magic
  5559 | Lair:1   | Noticed Fannar
  5576 | Lair:1   | HP: 3/81 [cane toad (14)]
  5578 | Lair:1   | HP: 1/81 [poisoned by a cane toad]
  5579 | Lair:1   | Succumbed to a cane toad's poison

Illustrated notes

Levels and vault maps discovered:
D:1:      dpeg_arrival_central, layout_basic,
          ebering_ecumenical_altar_petrified, minmay_misc_feat_rugged,
          nicolae_concentric_dashed_squares_wild, minmay_hexomino_r4
D:2:      layout_basic, kennysheep_minor_cross
D:3:      layout_rooms, fedhas_altar_fruit_tree, lemuel_round_altar
D:4:      layout_loops_ring, mainiacjoe_overflow_catch_the_wave,
          hangedman_decor_riveting, uniq_natasha
D:5:      layout_rooms, mainiacjoe_overflow_alcove_1, kb_lookout_dungeons_type,
          minmay_misc_feat_chi, hangedman_abyss_or_decor_stagger,
          uniq_blork_the_orc, uniq_sigmund, uniq_grinder
D:6:      layout_cave_pods, nicolae_overflow_hidden_temple, st_stairs_2
D:7:      minmay_thinvault, layout_basic, minmay_temple_entry_hall,
          uniq_crazy_yiuf_cottage
D:8:      layout_rooms, uniq_erica, uniq_psyche
D:9:      layout_loops_ring, dpeg_oklobed_lair, chequers_decorated_corner,
          mrwooster_statue_mirror, chequers_serial_rivers_micro_c,
          grunt_ministairs_4
D:10:     layout_loops_ring, david_orc_5, minmay_misc_feat_square
D:11:     layout_grid_maze, hangedman_decor_points,
          hangedman_abyss_or_decor_lesser_grid, nrook_campfire,
          hangedman_feature_mirror
Lair:1:   layout_cave_pods, uniq_maggie, uniq_gastronok, uniq_fannar

Skill      XL: |  1  2  3  4  5  6  7  8  9 10 |
---------------+-------------------------------+-----
Spellcasting   | 3 4 6 |  6.4
Earth Magic    | 4 5 6 8 7 8 10 | 10.0
Transmutations | 2 3 4 6 6 |  6.4
Conjurations   | 4 5 4 6 8 |  8.2
Fighting       | 5 |  5.0
Dodging        | 5 |  5.0
Axes           | 5 |  5.0
Armour         | 4 5 |  5.0
Stealth        | 0 |  0.0

Action                   |  1- 3 |  4- 6 |  7- 9 | 10-12 || total
-------------------------+-------+-------+-------+-------++-------
Melee: War axe           |     8 |    33 |   110 |   140 ||   291
       Punch             |       |       |     1 |     6 ||     7
 Cast: Sandblast         |    41 |    68 |   138 |     5 ||   252
       Stone Arrow       |       |     1 |    19 |    12 ||    32
       Petrify           |       |     1 |       |       ||     1
Invok: Sacrifice Artific |     1 |       |       |       ||     1
       Sacrifice Experie |       |     1 |       |       ||     1
       Sacrifice Skill   |       |       |     1 |       ||     1
       Sacrifice Stealth |       |       |       |     1 ||     1
  Use: Scroll            |     5 |     1 |     7 |     1 ||    14
       Potion            |       |       |     2 |     2 ||     4
 Stab: Distracted        |       |       |     1 |     1 ||     2
       Paralysed         |       |       |     1 |       ||     1
       Invisible         |       |       |       |     1 ||     1
Armor: Robe              |     4 |    40 |    68 |    49 ||   161
Dodge: Dodged            |    10 |    34 |    91 |    90 ||   225
